BSA
BOSTON REBELS @ TORONTO TITANS
08/14/2024
 
TOP OF THE 1ST
Boston Rebels batting - Pitching for Toronto Titans : LHP Carlos Tavárez
Pitching: LHP Carlos Tavárez
Batting: LHB Bill Wilson 0-0: Ground out 4-3 (Groundball, 4)
Batting: LHB Lorenzo Flores 0-0: Ball
1-0: Called Strike
1-1: Called Strike
1-2: Strikes out swinging
Batting: RHB Ronnie Brown 0-0: Called Strike
0-1: Ball
1-1: Ball
2-1: Called Strike
2-2: Ground out 4-3 (Groundball, 4)
Top of the 1st over - 0 run(s), 0 hit(s), 0 error(s), 0 left on base; Boston 0 - Toronto 0
BOTTOM OF THE 1ST
Toronto Titans batting - Pitching for Boston Rebels : LHP José Hidalgo
Pitching: LHP José Hidalgo
Batting: SHB Ryobe Yamamoto 0-0: Ball
1-0: Ground out 6-3 (Groundball, 6)
Batting: RHB Gilberto López 0-0: Ball
1-0: Foul Ball, location: 2F
1-1: Ball
2-1: Swinging Strike
2-2: Ball
3-2: Base on Balls
Batting: RHB David Murray 0-0: Fielders Choice at 2nd, 1-6 (Groundball, 13S)
Batting: LHB Jorge Martínez 0-0: Foul Ball, location: 2F
0-1: Ball
1-1: Called Strike
1-2: Strikes out swinging
Bottom of the 1st over - 0 run(s), 0 hit(s), 0 error(s), 1 left on base; Boston 0 - Toronto 0
TOP OF THE 2ND
Boston Rebels batting - Pitching for Toronto Titans : LHP Carlos Tavárez
Batting: LHB Jeff Gordon 0-0: Ball
1-0: Called Strike
1-1: Ball
2-1: Swinging Strike
2-2: Strikes out swinging
Batting: LHB Stanley Mullins 0-0: Ball
1-0: Called Strike
1-1: Ball
2-1: SINGLE (Line Drive, 6D)
Batting: LHB Félix Gómez 0-0: Ball
1-0: SINGLE (Groundball, 4MD)
Stanley Mullins to second
Batting: SHB Javier Villegas 0-0: 3-RUN HOME RUN (Flyball, 7D), Distance : 344 ft
Batting: RHB Rubén Matos 0-0: Foul Ball, location: 2F
0-1: Ground out 6-3 (Groundball, 6)
Batting: LHB Tony Ramírez 0-0: Ball
1-0: Ball
2-0: Called Strike
2-1: Foul Ball, location: 2F
2-2: Strikes out looking
Top of the 2nd over - 3 run(s), 3 hit(s), 0 error(s), 0 left on base; Boston 3 - Toronto 0
BOTTOM OF THE 2ND
Toronto Titans batting - Pitching for Boston Rebels : LHP José Hidalgo
Batting: RHB Matt Doyle 0-0: Ball
1-0: Foul Ball, location: 2F
1-1: Swinging Strike
1-2: Ball
2-2: Foul Ball, location: 2F
2-2: Ball
3-2: Foul Ball, location: 2F
3-2: Base on Balls
Batting: RHB Manuel González 0-0: Ball
1-0: Called Strike
1-1: Foul Ball, location: 2F
1-2: Ball
2-2: SINGLE (Line Drive, 56D)
Matt Doyle to second
Batting: LHB Lewis Barr 0-0: Ball
1-0: TRIPLE (Groundball, 5L)
Matt Doyle scores
Manuel González scores
Batting: LHB Kent MacDulothe 0-0: Ball
1-0: Called Strike
1-1: Ball
2-1: Foul Ball, location: 2F
2-2: Foul Ball, location: 2F
2-2: Ball
3-2: SINGLE (Line Drive, 9LS)
Lewis Barr scores
Batting: LHB Anacleto Morillo 0-0: Fielders Choice at 2nd, 4-6 (Groundball, 34)
Batting: SHB Ryobe Yamamoto 0-0: Foul Ball, location: 2F
0-1: Called Strike
Balk!
Anacleto Morillo to second
0-2: Fly out, F9 (Flyball, 89M)
Batting: RHB Gilberto López 0-0: Fly out, F7 (Flyball, 78XD)
Bottom of the 2nd over - 3 run(s), 3 hit(s), 0 error(s), 1 left on base; Boston 3 - Toronto 3
TOP OF THE 3RD
Boston Rebels batting - Pitching for Toronto Titans : LHP Carlos Tavárez
Batting: LHB Bill Wilson 0-0: Ball
1-0: Ball
2-0: SINGLE (Line Drive, 56)
Batting: LHB Lorenzo Flores 0-0: Ball
1-0: Ball
2-0: Called Strike
2-1: Swinging Strike
2-2: Foul Ball, location: 2F
2-2: Ball
Bill Wilson steals 2nd base
3-2: Strikes out looking
Batting: RHB Ronnie Brown 0-0: Swinging Strike
0-1: Ball
1-1: Foul Ball, location: 2F
1-2: Strikes out swinging
Batting: LHB Jeff Gordon 0-0: Called Strike
0-1: Swinging Strike
0-2: Ball
1-2: Foul Ball, location: 2F
1-2: Foul Ball, location: 2F
1-2: Strikes out swinging
Top of the 3rd over - 0 run(s), 1 hit(s), 0 error(s), 1 left on base; Boston 3 - Toronto 3
BOTTOM OF THE 3RD
Toronto Titans batting - Pitching for Boston Rebels : LHP José Hidalgo
Batting: RHB David Murray 0-0: Ground out U3 (Groundball, 3L)
Batting: LHB Jorge Martínez 0-0: Called Strike
0-1: Swinging Strike
0-2: Strikes out swinging
Batting: RHB Matt Doyle 0-0: Ball
1-0: Ball
2-0: Swinging Strike
2-1: Ball
3-1: Called Strike
3-2: Strikes out swinging
Bottom of the 3rd over - 0 run(s), 0 hit(s), 0 error(s), 0 left on base; Boston 3 - Toronto 3
TOP OF THE 4TH
Boston Rebels batting - Pitching for Toronto Titans : LHP Carlos Tavárez
Batting: LHB Stanley Mullins 0-0: Called Strike
0-1: Called Strike
0-2: Ball
1-2: Ball
2-2: Ball
3-2: Strikes out swinging
Batting: LHB Félix Gómez 0-0: Ball
1-0: Ball
2-0: Called Strike
2-1: Foul Ball, location: 2F
2-2: Foul Ball, location: 2F
2-2: Ball
3-2: Strikes out swinging
Batting: SHB Javier Villegas 0-0: Foul Ball, location: 2F
0-1: Ground out 1-3 (Groundball, 15S)
Top of the 4th over - 0 run(s), 0 hit(s), 0 error(s), 0 left on base; Boston 3 - Toronto 3
BOTTOM OF THE 4TH
Toronto Titans batting - Pitching for Boston Rebels : LHP José Hidalgo
Batting: RHB Manuel González 0-0: Called Strike
0-1: Foul Ball, location: 2F
0-2: Foul Ball, location: 2F
0-2: Strikes out swinging
Batting: LHB Lewis Barr 0-0: Called Strike
0-1: Ground out U3 (Groundball, 3L)
Batting: LHB Kent MacDulothe 0-0: Ball
1-0: Ball
2-0: Called Strike
2-1: Ball
3-1: Foul Ball, location: 2F
3-2: SINGLE (Flyball, 8RS)
Batting: LHB Anacleto Morillo 0-0: Ball
1-0: Called Strike
1-1: Swinging Strike
1-2: Ball
2-2: Strikes out looking
Bottom of the 4th over - 0 run(s), 1 hit(s), 0 error(s), 1 left on base; Boston 3 - Toronto 3
TOP OF THE 5TH
Boston Rebels batting - Pitching for Toronto Titans : LHP Carlos Tavárez
Batting: RHB Rubén Matos 0-0: Called Strike
0-1: SINGLE (Line Drive, 6MD)
Batting: LHB Tony Ramírez 0-0: Swinging Strike
0-1: Swinging Strike
0-2: Foul Ball, location: 2F
0-2: Fly out, F7 (Flyball, 7M)
Batting: LHB Bill Wilson 0-0: Called Strike
0-1: Fly out, F7 (Flyball, 7S)
Batting: LHB Lorenzo Flores 0-0: Swinging Strike
0-1: Ball
1-1: Foul Ball, location: 2F
1-2: Ball
2-2: Strikes out swinging
Top of the 5th over - 0 run(s), 1 hit(s), 0 error(s), 1 left on base; Boston 3 - Toronto 3
BOTTOM OF THE 5TH
Toronto Titans batting - Pitching for Boston Rebels : LHP José Hidalgo
Batting: SHB Ryobe Yamamoto 0-0: Ground out 3-1 (Groundball, 34)
Batting: RHB Gilberto López 0-0: Ball
1-0: Foul Ball, location: 2F
1-1: DOUBLE (Line Drive, 78D)
Batting: RHB David Murray 0-0: DOUBLE (Flyball, 8LD)
Gilberto López scores
Batting: LHB Jorge Martínez 0-0: Foul Ball, location: 2F
0-1: Ball
1-1: Ground out 4-3 (Groundball, 4)
David Murray to third
Batting: RHB Matt Doyle 0-0: SINGLE (Groundball, 34D)
David Murray scores
Batting: RHB Manuel González 0-0: Called Strike
0-1: Ball
Wild Pitch!
Matt Doyle to second
1-1: Foul Ball, location: 2F
1-2: Fly out, F7 (Flyball, 8LM)
Bottom of the 5th over - 2 run(s), 3 hit(s), 0 error(s), 1 left on base; Boston 3 - Toronto 5
TOP OF THE 6TH
Boston Rebels batting - Pitching for Toronto Titans : LHP Carlos Tavárez
Batting: RHB Ronnie Brown 0-0: SINGLE (Groundball, 4D)
Batting: LHB Jeff Gordon 0-0: Ball
1-0: Called Strike
1-1: Ball
2-1: Ball
3-1: Foul Ball, location: 2F
3-2: Base on Balls
Ronnie Brown to second
Batting: LHB Stanley Mullins 0-0: Ball
1-0: SINGLE (Groundball, 13) (infield hit)
Ronnie Brown to third
Jeff Gordon to second
Batting: LHB Félix Gómez 0-0: Ball
1-0: Called Strike
1-1: Ball
2-1: Fly out, F6 (Popup, 6MS)
Batting: SHB Javier Villegas 0-0: Called Strike
0-1: Foul Ball, location: 2F
0-2: Ball
1-2: Ground out 5-3 (Groundball, 5S)
Ronnie Brown scores
Jeff Gordon to third
Stanley Mullins to second
Batting: RHB Rubén Matos 0-0: Foul Ball, location: 2F
0-1: Ball
1-1: Swinging Strike
1-2: Strikes out swinging
Top of the 6th over - 1 run(s), 2 hit(s), 0 error(s), 2 left on base; Boston 4 - Toronto 5
BOTTOM OF THE 6TH
Toronto Titans batting - Pitching for Boston Rebels : LHP José Hidalgo
Batting: LHB Lewis Barr 0-0: Ball
1-0: Called Strike
1-1: Foul Ball, location: 2F
1-2: Ground out 1-3 (Groundball, 13)
Batting: LHB Kent MacDulothe 0-0: Ball
1-0: Ground out 4-3 (Groundball, 4)
Batting: LHB Anacleto Morillo 0-0: Ball
1-0: Foul Ball, location: 2F
1-1: Swinging Strike
1-2: Ball
2-2: Ball
3-2: Foul Ball, location: 2F
3-2: DOUBLE (Popup, 7LS)
Pitching: RHP Lorenzo Vargas
Batting: SHB Ryobe Yamamoto 0-0: Swinging Strike
0-1: Ball
1-1: Ball
2-1: Ground out 6-3 (Groundball, 6)
Bottom of the 6th over - 0 run(s), 1 hit(s), 0 error(s), 1 left on base; Boston 4 - Toronto 5
TOP OF THE 7TH
Boston Rebels batting - Pitching for Toronto Titans : LHP Carlos Tavárez
Pitching: LHP Braydon Schute
Batting: LHB Tony Ramírez 0-0: Called Strike
0-1: Swinging Strike
0-2: Ball
1-2: Ball
2-2: Foul Ball, location: 2F
2-2: Ground out 5-3 (Groundball, 5L)
Batting: LHB Bill Wilson 0-0: Called Strike
0-1: Ball
1-1: Foul Ball, location: 2F
1-2: Strikes out swinging
Batting: LHB Lorenzo Flores 0-0: Called Strike
0-1: SINGLE (Groundball, 4D)
Batting: RHB Ronnie Brown 0-0: Ball
1-0: Ball
2-0: Ball
3-0: Base on Balls
Lorenzo Flores to second
Batting: LHB Jeff Gordon 0-0: Fielders Choice at 2nd, U6 (Groundball, 6M)
Top of the 7th over - 0 run(s), 1 hit(s), 0 error(s), 2 left on base; Boston 4 - Toronto 5
BOTTOM OF THE 7TH
Toronto Titans batting - Pitching for Boston Rebels : RHP Lorenzo Vargas
Batting: RHB Gilberto López 0-0: Ball
1-0: Foul Ball, location: 2F
1-1: Foul Ball, location: 2F
1-2: Ball
2-2: Fly out, F6 (Popup, 5L)
Batting: RHB David Murray 0-0: Ball
1-0: Ball
2-0: Foul Ball, location: 2F
2-1: Ball
3-1: Called Strike
3-2: Foul Ball, location: 2F
3-2: Strikes out looking
Batting: LHB Jorge Martínez 0-0: Swinging Strike
0-1: Ball
1-1: Foul Ball, location: 2F
1-2: Foul Ball, location: 2F
1-2: Foul Ball, location: 2F
1-2: Foul Ball, location: 2F
1-2: Strikes out looking
Bottom of the 7th over - 0 run(s), 0 hit(s), 0 error(s), 0 left on base; Boston 4 - Toronto 5
TOP OF THE 8TH
Boston Rebels batting - Pitching for Toronto Titans : LHP Braydon Schute
Now at C: Cris Fuentes
Now at SS: Alberto Velásquez
Batting: LHB Stanley Mullins 0-0: Called Strike
0-1: Swinging Strike
0-2: Ball
1-2: Strikes out looking
Pitching: RHP David Lester
Batting: LHB Félix Gómez 0-0: Called Strike
0-1: Foul Ball, location: 2F
0-2: Foul Ball, location: 2F
0-2: Ball
1-2: Strikes out looking
Pitching: LHP Roberto Vázquez
Batting: SHB Javier Villegas 0-0: Called Strike
0-1: Ball
1-1: SINGLE (Line Drive, 89S)
Pitching: RHP Dave Rhodes
Batting: RHB Rubén Matos 0-0: Ball
1-0: Ball
2-0: Ball
3-0: Called Strike
3-1: Swinging Strike
3-2: Foul Ball, location: 2F
3-2: Strikes out looking
Top of the 8th over - 0 run(s), 1 hit(s), 0 error(s), 1 left on base; Boston 4 - Toronto 5
BOTTOM OF THE 8TH
Toronto Titans batting - Pitching for Boston Rebels : RHP Lorenzo Vargas
Batting: RHB Matt Doyle 0-0: Ball
1-0: Ball
2-0: Ball
3-0: Base on Balls
Batting: RHB Cris Fuentes 0-0: Called Strike
0-1: Ball
1-1: Ball
2-1: Foul Ball, location: 2F
2-2: Strikes out looking
Batting: LHB Lewis Barr 0-0: Ball
1-0: Called Strike
1-1: Swinging Strike
1-2: Ball
2-2: Ball
3-2: Fly out, F6 (Popup, 56)
Batting: LHB Kent MacDulothe 0-0: Called Strike
0-1: Ball
1-1: Ball
2-1: Fly out, F6 (Line Drive, 6)
Bottom of the 8th over - 0 run(s), 0 hit(s), 0 error(s), 1 left on base; Boston 4 - Toronto 5
TOP OF THE 9TH
Boston Rebels batting - Pitching for Toronto Titans : RHP Dave Rhodes
Pitching: RHP Roland Harrison
Batting: LHB Tony Ramírez 0-0: Ball
1-0: Called Strike
1-1: Ball
Reached via error on a dropped throw, E1
Batting: LHB Bill Wilson 0-0: Ball
1-0: Bunted foul
1-1: Sac Bunt - play at second, runner safe!
Batting: LHB Lorenzo Flores 0-0: Foul Ball, location: 2F
0-1: Ball
1-1: Sac Bunt - play at first, batter OUT! 1-4
Tony Ramírez to third
Bill Wilson to second
Batting: RHB Ronnie Brown 0-0: Ball
1-0: SINGLE (Groundball, 15S) (infield hit)
Tony Ramírez scores
Bill Wilson to third
Batting: LHB Jeff Gordon 0-0: Ball
1-0: Called Strike
1-1: Ball
2-1: Called Strike
2-2: Strikes out swinging
Ronnie Brown steals 2nd base
Batter strikes out.
Batting: LHB Stanley Mullins 0-0: Intentional Walk
Pitching: RHP Pablo Cabral
Batting: LHB Félix Gómez 0-0: Called Strike
0-1: Swinging Strike
0-2: Foul Ball, location: 2F
0-2: Ball
1-2: Ball
2-2: Ball
3-2: Foul Ball, location: 2F
3-2: Base on Balls
Bill Wilson scores
Ronnie Brown to third
Stanley Mullins to second
Batting: SHB Javier Villegas 0-0: Called Strike
0-1: Swinging Strike
0-2: Ball
1-2: Strikes out swinging
Top of the 9th over - 2 run(s), 1 hit(s), 1 error(s), 3 left on base; Boston 6 - Toronto 5
BOTTOM OF THE 9TH
Toronto Titans batting - Pitching for Boston Rebels : RHP Lorenzo Vargas
Pitching: RHP António López
Batting: LHB Anacleto Morillo 0-0: Called Strike
0-1: Ground out U3 (Groundball, 3L)
Batting: SHB Ryobe Yamamoto 0-0: Foul Ball, location: 2F
0-1: Ground out 6-3 (Groundball, 6M)
Batting: RHB Gilberto López 0-0: Ball
1-0: Ground out 5-3 (Groundball, 5S)
Bottom of the 9th over - 0 run(s), 0 hit(s), 0 error(s), 0 left on base; Boston 6 - Toronto 5
This league is powered by Out of the Park Baseball, the baseball management simulation game for PC, Mac and Linux
Saturday, April 9th, 2016 - OOTP Baseball 16.8 Build 38